 Dungeon Crawl Stone Soup version 0.31-a0-460-g9e667d4245 (webtiles) character file.

Game seed: 13750714821670871007

4479 randomguy2701 the Carver (level 10, -13/76 HPs)
             Began as a Human Fighter on Aug 5, 2023.
             Was a Priest of Okawaru.
             Killed by vampiric draining
             ... invoked by a vampire
              (16 damage)
             ... on level 9 of the Dungeon.
             The game lasted 00:16:10 (10405 turns).

randomguy2701 the Carver (Human Fighter)           Turns: 10405, Time: 00:16:11

Health: -13/76     AC: 21    Str: 18    XL:     10   Next: 64%
Magic:  12/12      EV:  6    Int:  9    God:    Okawaru [***...]
Gold:   420        SH:  5    Dex: 15    Spells: 9/9 levels left

rFire   . . .        a - +0 long sword
rCold   . . .        c - +0 buckler
rNeg    . . .        B - +0 plate armour
rPois   .            I - +2 hat
rElec   .            (no cloak)
rCorr   .            b - +2 pair of gloves
SInv    +            H - +1 pair of boots
Will    .....        (no amulet) Stlth
                     o - ring of wizardry
HPRegen 0.32/turn    A - ring of see invisible
MPRegen 0.13/turn

%: wizardry (x1)
@: no status effects
A: no striking features
a: Renounce Religion, Heroism


You were on level 9 of the Dungeon.
You worshipped Okawaru.
Okawaru was most pleased with you.
You visited 2 branches of the dungeon, and saw 10 of its levels.

You collected 420 gold pieces.

Inventory:

Hand Weapons
 a - a +0 long sword (weapon)
Armour
 b - a +2 pair of gloves (worn)
 c - a +0 buckler (worn)
 m - a scarf of shadows
 B - a +0 plate armour (worn)
 H - a +1 pair of boots (worn)
 I - a +2 hat (worn)
Jewellery
 o - a ring of wizardry (left hand)
 A - a ring of see invisible (right hand)
Wands
 n - a wand of iceblast (7)
 q - a wand of digging (3)
Scrolls
 e - 4 scrolls of identify
 f - 5 scrolls of teleportation
 g - 3 scrolls of poison {unknown}
 i - 4 scrolls of immolation
 l - 3 scrolls of blinking {unknown}
 p - 3 scrolls of revelation {unknown}
 s - 2 scrolls of amnesia {unknown}
 t - a scroll of butterflies {unknown}
 u - a scroll of silence {unknown}
 w - a scroll of fear {unknown}
 x - a scroll of vulnerability {unknown}
 y - 3 scrolls of enchant weapon {unknown}
 z - 2 scrolls of enchant armour {unknown}
 D - a scroll of noise {unknown}
 G - a scroll of brand weapon {unknown}
Potions
 d - 2 potions of heal wounds {unknown}
 h - a potion of mutation {unknown}
 j - 2 potions of curing
 k - a potion of attraction
 r - 3 potions of berserk rage
 v - a potion of enlightenment
 C - a potion of brilliance {unknown}
 E - a potion of ambrosia
 F - a potion of resistance {unknown}


   Skills:
 + Level 6.2 Fighting
 + Level 9.8 Long Blades
 + Level 8.2 Armour
 + Level 2.5 Dodging
 + Level 0.4 Stealth
 + Level 5.4 Shields
 * Level 3.3 Invocations


You had 9 spell levels left.
You didn't know any spells.
Your spell library contained the following spells:

 Spells                   Type           Power      Damage    Failure   Level
 Lesser Beckoning         Tloc           0%         N/A       100%        2
 Static Discharge         Conj/Air       0%         2-2/arc   100%        2
 Sublimation of Blood     Necr           0%         N/A       100%        2
 Wereblood                Tmut           0%         N/A       100%        2
 Gell's Gravitas          Tloc           0%         N/A       100%        3
 Teleport Other           Tloc           0%         N/A       100%        3
 Airstrike                Air            0%         2d(0-16)  100%        4
 Summon Lightning Spire   Summ/Air       Unusable   N/A       N/A         4
 Summon Hydra             Summ           Unusable   N/A       N/A         7

Dungeon Overview and Level Annotations

Branches:
Dungeon (9/15)             Temple (1/1) D:5             Orc (0/2) D:9
   Lair: D:8-11

Altars:
Ashenzari
Cheibriados
Dithmenos
Elyvilon
Fedhas
Gozag
Hepliaklqana
Kikubaaqudgha
Makhleb
Nemelex Xobeh
Okawaru
Qazlal
Ru
Sif Muna
Trog
Uskayaw
Vehumet
Wu Jian
Xom
Yredelemnul
Zin
The Shining One

Shops:
D:3 (   D:4 :   D:7 [   D:8 *

Annotations:
D:3 1 runed translucent door, Crazy Yiuf
D:6 3 runed translucent doors, Zenkrye's ghost, novice MeSh


Message History

The vampire bites you but does no damage.
You closely miss the vampire.
The vampire is heavily damaged.
The vampire barely misses you.
The vampire bites you but does no damage.
You slash the vampire!
The vampire is severely damaged.
The vampire hits you but does no damage.
The vampire bites you!
The vampire draws strength from your injuries!
You hit the vampire.
The vampire is severely damaged.
You block the vampire's attack. The vampire completely misses you.
You slash the vampire!
The vampire is almost destroyed.
The vampire barely misses you. The vampire completely misses you.
You barely miss the vampire.
The vampire is almost destroyed.
You barely miss the vampire.
The vampire is almost destroyed.
The vampire draws life force from you!!
* * * LOW HITPOINT WARNING * * *
The vampire is healed by the life force!
You closely miss the vampire.
The vampire is heavily damaged.
The vampire casts a spell at you. You resist with some effort.
You slash the vampire!
The vampire is almost destroyed.
The vampire draws life force from you!
* * * LOW HITPOINT WARNING * * *
The vampire is healed by the life force!
You barely miss the vampire.
The vampire is severely damaged.
The vampire hits you but does no damage.
The vampire barely misses you.
You closely miss the vampire.
The vampire is severely damaged.
The vampire draws life force from you!
You die...

#.# #.# #.# #.# #.#
#.# #.#
..###############.#
.........V@.......#
###################


You could see a vampire (invisible).

Vanquished Creatures
  A wizard (D:9)
  A cyclops (D:9)
  A hornet (D:7)
  Grinder (D:6)
  Sigmund (D:5)
  2 steam dragons
  Menkaure (D:7)
  2 wargs (D:9)
  2 water moccasins
  2 orc warriors (D:8)
  A sky beast (D:7)
  An ice beast (D:5)
  2 centaurs
  3 ogres
  2 phantoms
  4 bullfrogs
  2 scorpions
  9 howler monkeys
  2 jellies
  6 hounds
  5 orc priests
  5 iguanas
  A sleepcap (D:7)
  Jessica (D:3)
  Ijyb (D:3)
  4 orc wizards
  3 gnolls (D:7)
  8 adders
  A shadow imp (D:7)
  A white imp (D:5)
  2 worms (D:2)
  3 dart slugs
  26 orcs
  8 bats
  5 endoplasms
  5 giant cockroaches
  8 goblins
  7 hobgoblins
  5 jackals
  7 kobolds
  2 quokkas
  6 ball pythons
  3 frilled lizards (D:1)
  4 rats
167 creatures vanquished.

Vanquished Creatures (others)
  An orc wizard (D:9)
  An orc (D:9)
2 creatures vanquished.

Grand Total: 169 creatures vanquished

Notes
Turn   | Place    | Note
-------+----------+-------------------------------------------
     0 | D:1      | randomguy2701 the Human Fighter began the quest for the
                  | Orb.
     0 | D:1      | Reached XP level 1. HP: 18/18 MP: 1/1
   162 | D:1      | Reached XP level 2. HP: 24/24 MP: 2/2
   356 | D:1      | Reached XP level 3. HP: 6/29 MP: 3/3
  1055 | D:2      | Reached skill level 3 in Long Blades
  1055 | D:2      | Reached XP level 4. HP: 35/35 MP: 4/4
  1711 | D:3      | Noticed Jessica
  1714 | D:3      | Killed Jessica
  1715 | D:3      | Reached XP level 5. HP: 41/41 MP: 5/5
  1795 | D:3      | Found Weguerch's Antique Weapon Shoppe.
  1805 | D:3      | Noticed Ijyb
  2127 | D:3      | Killed Ijyb
  2398 | D:3      | Found a runed translucent door.
  2399 | D:3      | Noticed Crazy Yiuf
  2527 | D:3      | Found a faded altar of an unknown god.
  3023 | D:4      | Reached skill level 4 in Long Blades
  3023 | D:4      | Reached XP level 6. HP: 37/47 MP: 6/6
  3124 | D:4      | Reached skill level 1 in Dodging
  3202 | D:4      | Found Miamut's Self-Published Books.
  3669 | D:5      | Entered Level 5 of the Dungeon
  3705 | D:5      | Found a blossoming altar of Fedhas.
  3737 | D:5      | Noticed an ice beast
  3749 | D:5      | Killed an ice beast
  3750 | D:5      | Reached XP level 7. HP: 33/53 MP: 7/7
  3865 | D:5      | Identified the +1 robe of Mezcal {Str+3}
  3898 | D:5      | Reached skill level 5 in Long Blades
  4104 | D:5      | Found a staircase to the Ecumenical Temple.
  4149 | Temple   | Entered the Ecumenical Temple
  4187 | Temple   | Became a worshipper of Warmaster Okawaru
  4490 | D:5      | Noticed Sigmund
  4504 | D:5      | Killed Sigmund
  4505 | D:5      | Reached skill level 6 in Long Blades
  4505 | D:5      | Reached skill level 5 in Armour
  4505 | D:5      | Reached XP level 8. HP: 23/60 MP: 8/8
  5259 | D:5      | Reached * piety under Okawaru
  5570 | D:5      | Reached skill level 7 in Long Blades
  5903 | D:6      | Noticed Grinder
  5949 | D:6      | Paralysed by Grinder for 4 turns
  5955 | D:6      | Killed Grinder
  5956 | D:6      | Reached XP level 9. HP: 8/67 MP: 9/9
  6229 | D:6      | Found a runed translucent gate.
  6341 | D:6      | Found a runed translucent gate.
  6341 | D:6      | Found a runed translucent gate.
  6373 | D:6      | Noticed Zenkrye's ghost (novice MeSh)
  6536 | D:7      | Reached skill level 5 in Fighting
  6536 | D:7      | Noticed a hornet
  6544 | D:7      | Paralysed by a hornet for 1 turns
  6552 | D:7      | Killed a hornet
  6553 | D:7      | Reached skill level 8 in Long Blades
  6806 | D:7      | Noticed Menkaure
  6820 | D:7      | HP: 3/68 [Menkaure (8)]
  6821 | D:7      | Killed Menkaure
  6821 | D:7      | Reached ** piety under Okawaru
  7062 | D:7      | Found Adopsug's Armour Shoppe.
  8105 | D:8      | Reached XP level 10. HP: 67/76 MP: 8/10
  8318 | D:8      | Reached skill level 9 in Long Blades
  8318 | D:8      | Reached skill level 1 in Invocations
  8769 | D:8      | Found Liulorui's Changing Room.
  8920 | D:8      | Reached skill level 5 in Shields
  9138 | D:8      | Reached *** piety under Okawaru
  9509 | D:9      | HP: 3/76 [orc priest/divine providence (17)]
  9513 | D:9      | Noticed a cyclops
  9529 | D:9      | HP: 3/76 [orc priest/divine providence (16)]
  9529 | D:9      | Killed a cyclops
  9933 | D:9      | Found a staircase to the Orcish Mines.
  9944 | D:9      | Noticed a wizard
  9959 | D:9      | Killed a wizard
 10403 | D:9      | HP: 2/76 [vampire/vampiric draining (11)]
 10405 | D:9      | Killed from afar by a vampire

Illustrated notes

Levels and vault maps discovered:
D:1:      roderic_octagonal_star, layout_loops_cross
D:2:      layout_loops_ring, grunt_ministairs_12, chequers_serial_rivers_small_3
D:3:      layout_basic, nicolae_ecumenical_lake_church, serial_shops, shop,
          uniq_jessica, uniq_crazy_yiuf_cottage, uniq_ijyb
D:4:      layout_cave_pools, small_statue_intersection, grunt_decor_clamped,
          nicolae_custom_books
D:5:      minmay_general_purpose_star, layout_basic,
          mainiacjoe_overflow_24_doors, temple_statues, st_stairs_13,
          minmay_misc_feat_tiny, minivault_5, uniq_sigmund
D:6:      layout_cave_pools, ebering_ghost_rock_garden, uniq_grinder
D:7:      layout_basic, serial_shops, shop, uniq_menkaure
D:8:      layout_gridville, nicolae_transmutations_shop
D:9:      layout_basic, erik_orc_4, minmay_liquid_box, nicolae_stop_n_shop_1,
          minmay_checkerbox
Temple:   mainiacjoe_temple_hex_bubbles

Skill      XL: |  1  2  3  4  5  6  7  8  9 10 |
---------------+-------------------------------+-----
Long Blades    | 3 4 6 7 8 9 |  9.8
Armour         | 4 5 6 7 8 |  8.2
Dodging        | 1 2 |  2.5
Fighting       | 4 5 6 |  6.2
Shields        | 4 5 |  5.4
Invocations    | 3 |  3.3
Stealth        | |  0.4

Action                     |  1- 3 |  4- 6 |  7- 9 | 10-12 || total
---------------------------+-------+-------+-------+-------++-------
  Melee: Long sword        |    88 |   180 |   330 |   217 ||   815
 Invoke: Heroism           |       |       |     2 |     2 ||     4
    Use: Scroll            |       |       |     6 |     2 ||     8
         Potion            |       |       |     4 |     3 ||     7
 Armour: Scale mail        |    68 |    84 |    58 |       ||   210
         Plate armour      |       |       |   110 |   138 ||   248
  Dodge: Dodged            |    55 |    65 |   159 |    89 ||   368
  Block: Buckler           |    38 |    29 |    89 |    62 ||   218

Table legend: (Time is in decaauts)
 A = Elapsed time spent in this place.
 B = Non-inter-level travel time spent in this place.
 C = Inter-level travel time spent in this place.
 D = Time resting spent in this place.
 E = Time spent auto-exploring this place.
 F = Levels seen in this place.
 G = Mean time per level.
                   A        B        C        D        E       F      G
               +--------+--------+--------+--------+--------+-----+--------+
         Total |  10511 |   9660 |    851 |    658 |   7255 |  10 | 1051.1 |
       Dungeon |  10439 |   9657 |    782 |    658 |   7255 |   9 | 1159.9 |
        Temple |     71 |      2 |     69 |      0 |      0 |   1 |   71.0 |
               +--------+--------+--------+--------+--------+-----+--------+

Top non-repeatable levels by time:
     D:7: 1801 daAuts
     D:5: 1550 daAuts
     D:3: 1137 daAuts
     D:4: 1112 daAuts
     D:2: 1093 daAuts
     D:8: 1048 daAuts
     D:6: 944 daAuts
     D:9: 913 daAuts
     D:1: 838 daAuts
  Temple: 71 daAuts
